 Dungeon Crawl Stone Soup version 0.21.0 (webtiles) character file.

108 mopl the Slasher (level 4, -3/26 HPs)
             Began as a Tengu Skald on Jan 7, 2018.
             Slain by an orc
             ... wielding a +0 morningstar
              (5 damage)
             ... on level 2 of the Dungeon.
             The game lasted 00:02:22 (1899 turns).

mopl the Slasher (Tengu Skald)                      Turns: 1899, Time: 00:02:23

Health: -3/26      AC:  3    Str: 11    XL:     4   Next: 87%
Magic:  4/8        EV: 12    Int: 13    God:
Gold:   133        SH:  0    Dex: 15    Spells: 2/7 levels left

rFire    . . .     SeeInvis .   a - +0 falchion
rCold    . . .     Gourm    +   (no shield)
rNeg     . . .     Faith    .   b - +0 leather armour
rPois    .         Spirit   .   (helmet restricted)
rElec    .         Reflect  .   (no cloak)
rCorr    .         Harm     .   (no gloves)
MR       .....                  (boots unavailable)
Stlth    +.........             h - amulet of the gourmand
HPRegen  0.08/turn              (no ring)
MPRegen  0.11/turn              (no ring)

@: no status effects
A: beak, talons 3
a: no special abilities


You were on level 2 of the Dungeon.
You were completely stuffed.

You visited 1 branch of the dungeon, and saw 3 of its levels.

You collected 133 gold pieces.

Inventory:

Hand Weapons
 a - a +0 falchion (weapon)
Missiles
 f - 12 poisoned needles
 j - 2 throwing nets (quivered)
Armour
 b - a +0 leather armour (worn)
Jewellery
 h - an amulet of the gourmand (around neck)
Scrolls
 e - 3 scrolls of teleportation {unknown}
 g - 3 scrolls of identify {unknown}
 i - 2 scrolls of fear {unknown}
 k - a scroll of remove curse {unknown}
 n - a scroll of enchant weapon {unknown}
Potions
 l - 3 potions of heal wounds {unknown}
 m - 2 potions of mutation {unknown}
Books
 c - a book of Battle

   Spells                             Type                      Level
   a - Infusion                       Charms                       1
   b - Shroud of Golubria             Charms/Translocation         2
   c - Song of Slaying                Charms                       2
   d - Spectral Weapon                Hexes/Charms                 3
   e - Regeneration                   Charms/Necromancy            3
Comestibles
 d - 2 rations
 o - 3 chunks of flesh


   Skills:
 - Level 2.0 Fighting
 * Level 5.0 Long Blades
 - Level 1.1 Armour
 - Level 2.1 Dodging
 - Level 2.0 Spellcasting
 + Level 2.8 Charms


You had 2 spell levels left.
You knew the following spells:

 Your Spells              Type           Power        Failure   Level  Hunger
a - Infusion              Chrm           #...         11%         1    ##.....
b - Song of Slaying       Chrm           #.......     16%         2    ###....
f - Shroud of Golubria    Chrm/Tloc      #.........   28%         2    ###....


Dungeon Overview and Level Annotations

Branches:
Dungeon (3/15)

Altars:


Innate Abilities, Weirdness & Mutations

You have a beak for a mouth.
You have claws for feet.


Message History

The orc closely misses you.
You closely miss the orc.
Your shroud unravels.
Unknown command.
You hit the orc. Your kick misses the orc.
The orc is heavily wounded.
The orc hits you with a morningstar!
* * * LOW HITPOINT WARNING * * *
Unknown command.
Found a scroll labeled KODANI SE SEIH.
There is an escape hatch in the ceiling here.
You are no longer magically infusing your attacks.
The orc hits you with a morningstar.
* * * LOW HITPOINT WARNING * * *
A mysterious force pulls you upwards. The hatch slams shut behind you.
Unknown command.
You closely miss the orc.
The orc is heavily wounded.
The orc hits you with a morningstar.
You die...

########## #########........#
..........######.# .........##
#.# ########.# #o# #.# #@#
#.#######.# #.......#.##
############....###############
#....)........#................
#.#####......[..#######.######.
#.# #.######.## #.######. #.#
#.# #.# #......#. #.# #.# #.#
######.#.


You could see an orc.

Vanquished Creatures
  2 adders (D:2)
  3 gnolls (D:2)
  A worm (D:2)
  5 dart slugs
  2 leopard geckos (D:2)
  2 orcs
  2 ball pythons (D:2)
  3 bats (D:1)
  A giant cockroach (D:1)
  9 goblins
  2 hobgoblins
  3 jackals (D:1)
  2 kobolds
  A quokka (D:2)
  A frilled lizard (D:2)
  3 rats
42 creatures vanquished.

Notes
Turn   | Place    | Note
-------+----------+-------------------------------------------
     0 | D:1      | mopl the Tengu Skald began the quest for the Orb.
     0 | D:1      | Reached XP level 1. HP: 12/12 MP: 4/4
   137 | D:1      | Reached XP level 2. HP: 17/17 MP: 4/6
   138 | D:1      | Reached skill level 3 in Long Blades
   145 | D:1      | Learned a level 2 spell: Song of Slaying
   148 | D:1      | Learned a level 2 spell: Shroud of Golubria
   655 | D:2      | Reached XP level 3. HP: 10/21 MP: 7/7
   838 | D:2      | Reached skill level 4 in Long Blades
   944 | D:2      | Reached XP level 4. HP: 18/26 MP: 0/8
  1783 | D:3      | Reached skill level 5 in Long Blades
  1899 | D:2      | Slain by an orc

Skill      XL: |  1  2  3  4 |
---------------+-------------+-----
Long Blades    | 3 4 5 |  5.0
Fighting       | |  2.0
Armour         | |  1.1
Dodging        | |  2.1
Spellcasting   | |  2.0
Charms         | |  2.8

Action                   |  1- 3 |  4- 6 || total
-------------------------+-------+-------++-------
Melee: Falchion          |    54 |    38 ||    92
       Kick              |    15 |    10 ||    25
       Peck              |     7 |     3 ||    10
 Cast: Infusion          |     5 |     5 ||    10
       Shroud of Golubri |     1 |     1 ||     2
  Eat: Chunk             |     2 |    14 ||    16
Armor: Leather armour    |     7 |     9 ||    16
Dodge: Dodged            |    35 |    27 ||    62
       Rpst.: Falchion   |     9 |     9 ||    18
